 Dungeon Crawl Stone Soup version 0.31-a0-986-g5e6e4ef867 (webtiles) character file.

Game seed: 9583816657230068402

255 DocClef the Changeling (level 5, 0/37 HPs)
             Began as a Demonspawn Shapeshifter on Nov 6, 2023.
             Slain by an iguana (4 damage)
             ... on level 5 of the Dungeon.
             The game lasted 00:04:08 (3569 turns).

DocClef the Changeling (Demonspawn Shapeshifter)    Turns: 3569, Time: 00:04:08

Health: 0/37       AC:  5    Str: 16    XL:     5   Next: 91%
Magic:  5/5        EV: 12    Int: 11    God:
Gold:   158        SH:  0    Dex: 13    Spells: 4/4 levels left

rFire   + .          .
                       - Unarmed
rCold   . . .        (no shield)
rNeg    . . .        a - +0 animal skin
rPois   .            (helmet currently unavailable)
rElec   .            (cloak currently unavailable)
rCorr   .            (gloves currently unavailable)
SInv    .            (boots currently unavailable)
Will    .....        (no amulet)
Stlth   +            j - ring of protection from fire
HPRegen 0.26/turn    (no ring)
MPRegen 0.09/turn

%: no passive effects
@: beast-form
A: beast (slay +2), molten scales 2, weakness stinger 1
a: Begin Untransformation


You were on level 5 of the Dungeon.
You were a hulking beast.
You visited 1 branch of the dungeon, and saw 5 of its levels.

You collected 158 gold pieces.

Inventory:

Missiles
 p - 2 throwing nets
Armour
 a - a +0 animal skin (worn)
Jewellery
 j - a ring of protection from fire (left hand)
Talismans
 c - a beast talisman
 d - a flux talisman
 q - a granite talisman
Wands
 g - a wand of charming (14)
Scrolls
 e - 2 scrolls of poison {unknown}
 h - a scroll of immolation
 i - 5 scrolls of identify {unknown}
 k - a scroll of teleportation {unknown}
 n - 3 scrolls of enchant weapon {unknown}
 o - a scroll of fog {unknown}
 r - a scroll of enchant armour {unknown}
 s - a scroll of fear {unknown}
 u - a scroll of vulnerability {unknown}
Potions
 b - a potion of lignification
 f - 2 potions of curing {unknown}
 l - 2 potions of magic {unknown}
 m - 2 potions of invisibility {unknown}
 t - 2 potions of degeneration {unknown}
 v - a potion of heal wounds {unknown}
 w - a potion of mutation {unknown}


   Skills:
 - Level 1.0 Fighting
 - Level 1.7 Dodging
 + Level 4.1 Unarmed Combat
 - Level 4.9 Shapeshifting


You had 4 spell levels left.
You didn't know any spells.
Your spell library contained the following spells:

 Spells                   Type           Power      Damage    Failure   Level
 Static Discharge         Conj/Air       0%         3-3/arc   47%         2
 Airstrike                Air            0%         2d(0-16)  98%         4
 Summon Lightning Spire   Summ/Air       0%         N/A       98%         4


Dungeon Overview and Level Annotations

Branches:
Dungeon (5/15)
 Temple: D:4-7

Altars:

Shops:
D:3 :


Innate Abilities, Weirdness & Mutations

You are a hulking beast.
Your limbs bulge with bestial killing power. (Slay +2)
You are mostly covered in molten scales. (AC +3)
You have a small tail.


Message History

The iguana bites you but does no damage.
The hound closely misses you.
You closely miss the hound.
The hound is almost dead.
The hound bites you. The iguana barely misses you.
You closely miss the hound.
The hound is almost dead.
The hound bites you. The iguana misses you. The hound bites you.
You hit the hound.
You kill the hound!
The iguana bites you.
Your Unarmed Combat skill increases to level 4!
You are too injured to fight recklessly!
You are too injured to fight recklessly!
You hit the iguana but do no damage. Your punch misses the iguana.
The iguana closely misses you.
You barely miss the iguana. You barely miss the iguana. The iguana bites you!
* * * LOW HITPOINT WARNING * * *
You barely miss the iguana. The iguana misses you.
You hit the iguana.
You tail-slap the iguana, but do no damage.
The iguana is lightly wounded.
The iguana bites you but does no damage.
Unknown command.
You hit the iguana.
The iguana is moderately wounded.
The iguana barely misses you.
You barely miss the iguana.
The iguana is moderately wounded.
The iguana bites you.
* * * LOW HITPOINT WARNING * * *
You barely miss the iguana. You tail-slap the iguana.
Your punch misses the iguana.
The iguana is moderately wounded.
The iguana closely misses you.
You barely miss the iguana.
The iguana is moderately wounded.
The iguana bites you.
You die...

#.#.#######+#.#....#
.........#........# #
#.....#.#........#
#.#...... #........#
#.##....###.....###..
#...........#.### ..
#..$.............
#..###.....#####.#....
#......h#......#.#....
#.....†l#....... # ...
#.......#........ ..
........#........
.................
...........###+#.
............
..........


You could see an iguana.

Vanquished Creatures
  A hound (D:5)
  An orc priest (D:3)
  An iguana (D:5)
  Robin (D:3)
  3 gnolls (D:3)
  3 adders
  A dart slug (D:2)
  6 orcs (D:3)
  6 bats
  7 endoplasms
  4 giant cockroaches
  18 goblins
  8 hobgoblins
  3 jackals (D:3)
  5 quokkas
  6 ball pythons
  6 frilled lizards
  5 kobolds
  4 rats
89 creatures vanquished.

Notes
Turn   | Place    | Note
-------+----------+-------------------------------------------
     0 | D:1      | DocClef the Demonspawn Shapeshifter began the quest for the
                  | Orb.
     0 | D:1      | Reached XP level 1. HP: 15/15 MP: 1/1
   204 | D:1      | Gained mutation: You have a small tail. [demonic ancestry]
   204 | D:1      | Reached XP level 2. HP: 13/21 MP: 2/2
   778 | D:1      | Gained mutation: You are partially covered in molten
                  | scales. (AC +2) [demonic ancestry]
   778 | D:1      | Reached XP level 3. HP: 26/26 MP: 3/3
  1420 | D:2      | Found a faded altar of an unknown god.
  1832 | D:3      | Found Umesteo's Book Boutique.
  1899 | D:3      | Reached XP level 4. HP: 23/32 MP: 4/4
  2548 | D:3      | Gained mutation: You are mostly covered in molten scales.
                  | (AC +3) [demonic ancestry]
  2548 | D:3      | Reached XP level 5. HP: 34/37 MP: 5/5
  3047 | D:3      | Noticed Robin
  3077 | D:3      | Killed Robin
  3331 | D:4      | Noticed an ogre
  3412 | D:5      | Entered Level 5 of the Dungeon
  3569 | D:5      | Slain by an iguana

Illustrated notes

Levels and vault maps discovered:
D:1:      elethiomel_arrival_quiet, layout_basic
D:2:      layout_loops_ring, hellmonk_ecumenical_altar_blasted
D:3:      kennysheep_goblin_castle, layout_basic, mainiacjoe_overflow_brackets,
          serial_shops, shop
D:4:      layout_loops_ring, nicolae_overflow_macrodata_refinement
D:5:      layout_basic

Skill      XL: |  1  2  3  4  5 |
---------------+----------------+-----
Shapeshifting  | 3 4 |  4.9
Unarmed Combat | 4 |  4.1
Fighting       | |  1.0
Dodging        | |  1.7

Action                     |  1- 3 |  4- 6 || total
---------------------------+-------+-------++-------
  Melee: Unarmed           |   112 |   140 ||   252
         Tailslap          |    11 |    19 ||    30
         Punch             |     3 |     2 ||     5
  Evoke: Wand              |       |     2 ||     2
   Stab: Sleeping          |     3 |       ||     3
 Armour: Animal skin       |    37 |    98 ||   135
  Dodge: Dodged            |    82 |   113 ||   195

Table legend: (Time is in decaauts)
 A = Elapsed time spent in this place.
 B = Non-inter-level travel time spent in this place.
 C = Inter-level travel time spent in this place.
 D = Time resting spent in this place.
 E = Time spent auto-exploring this place.
 F = Levels seen in this place.
 G = Mean time per level.
                   A        B        C        D        E       F      G
               +--------+--------+--------+--------+--------+-----+--------+
         Total |   3552 |   3438 |    114 |    334 |   2424 |   5 |  710.4 |
       Dungeon |   3552 |   3438 |    114 |    334 |   2424 |   5 |  710.4 |
               +--------+--------+--------+--------+--------+-----+--------+

Top non-repeatable levels by time:
     D:3: 1427 daAuts
     D:1: 1058 daAuts
     D:2: 739 daAuts
     D:4: 172 daAuts
     D:5: 155 daAuts
